 Dungeon Crawl Stone Soup version 0.28.0 (webtiles) character file.

Game seed: 968062346043439274

24 Prodoman the Magician (level 2, -2/19 HPs)
             Began as a Demonspawn Hedge Wizard on Feb 4, 2022.
             Slain by a gnoll (8 damage)
             ... on level 2 of the Dungeon.
             The game lasted 00:05:33 (1639 turns).

Prodoman the Magician (Demonspawn Hedge Wizard)     Turns: 1639, Time: 00:05:35

Health: -2/19      AC:  8    Str: 10    XL:     2   Next: 79%
Magic:  1/6        EV: 12    Int: 15    God:
Gold:   76         SH:  0    Dex: 12    Spells: 5/7 levels left

rFire   . . .      SeeInvis .   a - +0 dagger
rCold   . . .      Faith    +   (no shield)
rNeg    . . .      Spirit   .   b - +0 robe
rPois   .          Reflect  .   c - +0 hat
rElec   .          Harm     .   (no cloak)
rCorr   .          Rampage  .   (no gloves)
Will    .....                   (no boots)
Stlth   ++........              e - amulet of faith
HPRegen 0.06/turn               (no ring)
MPRegen 0.10/turn               (no ring)

@: sanguine armoured, flying
A: sanguine armour 1
a: no special abilities


You were on level 2 of the Dungeon.
You visited 1 branch of the dungeon, and saw 2 of its levels.

You collected 76 gold pieces.

Inventory:

Hand Weapons
 a - a +0 dagger (weapon)
Armour
 b - a +0 robe (worn)
 c - a +0 hat (worn)
 g - a +0 kite shield
Jewellery
 e - an amulet of faith (around neck)
Scrolls
 f - a scroll of vulnerability
Potions
 i - 2 potions of cancellation {unknown}


   Skills:
 + Level 0.2 Armour
 + Level 2.0 Dodging
 - Level 2.0 Stealth
 * Level 3.3 Spellcasting
 + Level 1.4 Conjurations
 + Level 1.2 Summonings
 - Level 1.1 Translocations


You had 5 spell levels left.
You knew the following spells:

 Your Spells              Type           Power      Damage    Failure   Level
a - Magic Dart            Conj           24%        1d4       11%         1
b - Slow                  Hex            8%         N/A       21%         1

Your spell library contained the following spells:

 Spells                   Type           Power      Damage    Failure   Level
 Call Imp                 Summ           6%         N/A       17%         2
 Blink                    Tloc           10%        N/A       19%         2
 Conjure Flame            Conj/Fire      4%         6-21      41%         3
 Mephitic Cloud           Conj/Pois/Air  3%         N/A       43%         3


Dungeon Overview and Level Annotations

Branches:
Dungeon (2/15)

Altars:

Shops:
D:2 (


Innate Abilities, Weirdness & Mutations

When seriously injured, your blood forms armour. (AC +6)


Message History

Confirm with . or Enter, or press ? or * to list all spells.
Aiming: Magic Dart (safe; 11% risk of failure)
Press: ? - help, Shift-Dir - straight line, f - gnoll
Aim: a gnoll, wielding a +0 flail (wandering, hasn't noticed you, 100% to hit)
The magic dart hits the gnoll but does no damage.
The gnoll throws a stone.
The stone closely misses you.
Your magical contamination has completely faded away.
The gnoll throws a stone.
The stone closely misses you.
Casting: Magic Dart (safe; 11% risk of failure)
Confirm with . or Enter, or press ? or * to list all spells.
Aiming: Magic Dart (safe; 11% risk of failure)
Press: ? - help, Shift-Dir - straight line, f/p - gnoll
Aim: a gnoll, wielding a +0 flail (100% to hit)
The magic dart hits the gnoll but does no damage.
The gnoll is heavily wounded.
The gnoll throws a stone.
The stone barely misses you.
As you read the scroll labelled LIZIWA GYEPEL, it crumbles to dust.
It is a scroll of identify.
f - a scroll of vulnerability It was a potion of flight.
You feel very buoyant.
You fly up into the air.
The gnoll throws a stone.
The stone hits you.
The gnoll throws a stone.
The stone barely misses you. The gnoll barely misses you.
You hit the gnoll but do no damage.
The gnoll is heavily wounded.
The gnoll barely misses you.
You closely miss the gnoll.
The gnoll is heavily wounded.
The gnoll misses you.
You hit the gnoll but do no damage.
The gnoll is heavily wounded.
The gnoll hits you with a +0 hand axe!
Your blood congeals into armour.
You hit the gnoll but do no damage.
The gnoll is heavily wounded.
The gnoll hits you with a +0 hand axe.
You hit the gnoll.
The gnoll is severely wounded.
The gnoll hits you with a +0 hand axe!
You die...

†.....##.⌠.##..##
.###...##.##..##
.# .#
#.#..#+#..## ..
.###.##..+..## ..
............## g#
####.####....##
.# #.# #.....# .#
####.#
##...#########.#
.....#
##.....@ggg...#
######
##############


You could see 3 gnolls.

Vanquished Creatures
  4 bats
  3 endoplasms (D:1)
  A giant cockroach (D:2)
  7 goblins (D:1)
  2 hobgoblins
  A quokka (D:1)
  A frilled lizard (D:1)
  A rat (D:1)
20 creatures vanquished.

Vanquished Creatures (others)
  A plant (D:1)
1 creature vanquished.

Grand Total: 21 creatures vanquished

Notes
Turn   | Place    | Note
-------+----------+-------------------------------------------
     0 | D:1      | Prodoman the Demonspawn Hedge Wizard began the quest for
                  | the Orb.
     0 | D:1      | Reached XP level 1. HP: 13/13 MP: 4/4
    89 | D:1      | Reached skill level 1 in Translocations
   355 | D:1      | Gained mutation: When seriously injured, your blood forms
                  | armour. (AC +6) [demonic ancestry]
   355 | D:1      | Reached XP level 2. HP: 16/19 MP: 1/6
   374 | D:1      | Found a faded altar of an unknown god.
  1387 | D:2      | Found Aghea's Antique Weapon Boutique.
  1551 | D:2      | Learned a level 1 spell: Slow
  1639 | D:2      | Slain by a gnoll

Illustrated notes

Levels and vault maps discovered:
D:1:      dpeg_arrival_pits, layout_rooms, dreamdust_ecumenical_altar_grove
D:2:      layout_loops_corners, serial_shops, shop_statue,
          grunt_decor_arrowhead, minmay_fractal_squares_gapless_5

Skill      XL: |  1  2 |
---------------+-------+-----
Translocations | 1 |  1.1
Stealth        | 2 |  2.0
Dodging        | 2 |  2.0
Armour         | |  0.2
Spellcasting   | |  3.3
Conjurations   | |  1.4
Summonings     | |  1.2

Action                   || total
-------------------------++-------
Melee: Dagger            ||    45
 Cast: Magic Dart        ||    48
  Use: Scroll            ||     1
       Potion            ||     1
Armor: Robe              ||    12
Dodge: Dodged            ||    39
